 Dungeon Crawl Stone Soup version 0.30.0-29-ga12c61a403 (webtiles) character file.

Game seed: 2102525016171583346

70 seaoflcl the Trooper (level 4, -5/35 HPs)
             Began as a Demonspawn Fighter on June 16, 2023.
             Killed from afar by an orc wizard (10 damage)
             ... with a puff of flame
             ... on level 3 of the Dungeon.
             The game lasted 00:02:00 (2072 turns).

seaoflcl the Trooper (Demonspawn Fighter)           Turns: 2072, Time: 00:02:01

Health: -5/35      AC:  7    Str: 18    XL:     4   Next: 4%
Magic:  4/4        EV:  9    Int: 14    God:
Gold:   110        SH:  0    Dex: 12    Spells: 3/3 levels left

rFire   . . .        a - +0 war axe
rCold   . . .        c - +0 buckler
rNeg    . . .        b - +0 scale mail
rPois   .            h - +0 helmet
rElec   .            (no cloak)
rCorr   +            (no gloves)
SInv    .            (no boots)
Will    .....        (no amulet) Stlth
                     j - ring of resist corrosion
HPRegen 0.25/turn    (no ring)
MPRegen 0.09/turn

%: no passive effects
@: confused
A: big brain 2, weakness stinger 1
a: no special abilities


You were on level 3 of the Dungeon.
You visited 1 branch of the dungeon, and saw 3 of its levels.

You collected 110 gold pieces.

Inventory:

Hand Weapons
 a - a +0 war axe (weapon)
Missiles
 e - 4 atropa-tipped darts (quivered)
 k - 5 poisoned darts
Armour
 b - a +0 scale mail (worn)
 c - a +0 buckler (worn)
 h - a +0 helmet (worn)
Jewellery
 j - a ring of resist corrosion (left hand)
Scrolls
 l - a scroll of torment {unknown}
 m - a scroll of identify {unknown}
Potions
 f - a potion of haste {unknown}
 g - a potion of flight {unknown}
 n - a potion of cancellation
 o - a potion of mutation {unknown}


   Skills:
 + Level 3.3 Fighting
 * Level 2.8 Axes
 + Level 0.8 Throwing
 + Level 3.0 Armour
 + Level 3.0 Shields


You had 3 spell levels left.
You didn't know any spells.
Your spell library contained the following spells:

 Spells                   Type           Power      Damage    Failure   Level
 Cause Fear               Hex            0%         N/A       100%        4
 Dragon Form              Tmut           0%         N/A       100%        7
 Dragon's Call            Summ           0%         N/A       100%        9


Dungeon Overview and Level Annotations

Branches:
Dungeon (3/15)

Altars:
Nemelex Xobeh

Shops:
D:2 !


Innate Abilities, Weirdness & Mutations

You have an extremely huge brain. (Int +4)
You have a small tail.


Message History

You feel magically purged.
You feel less confused.
You feel a little less mighty now. The ball python closely misses you.
The ball python grabs you. The ball python constricts you.
Something hits you but does no damage.
It was a potion of curing.
You feel better. You block the ball python's attack.
The ball python constricts you.
You hear some strange, mumbled words.
A magic dart appears from out of thin air!
The magic dart hits you.
* * * LOW HITPOINT WARNING * * *
The ball python bites you but does no damage.
The ball python constricts you.
You feel better.
Something hits you but does no damage. x2
The ball python barely misses you. The ball python constricts you.
You barely miss the ball python.
The ball python is severely wounded.
You barely miss something. You hit something but do no damage.
The ball python bites you but does no damage.
The ball python constricts you.
You hear some strange, mumbled words.
You are confused.
Something hits you.
You slash the ball python!
You kill the ball python!
You completely miss something. You hit something but do no damage.
Something hits you.
Something hits you but does no damage. x3
Unknown command.
You miss something. x2; Something hits you.
* * * LOW HITPOINT WARNING * * *
You hear some strange, mumbled words.
You are more confused.
A magic dart appears from out of thin air!
The magic dart hits you.
* * * LOW HITPOINT WARNING * * *
You're too confused to move!
You completely miss something. x2; Something hits you but does no damage. x3
You hear some strange, mumbled words.
A puff of flame appears from out of thin air!
The puff of flame hits you!
You die...

#.........#
#.........#
#.........#
##.........#
#..........#
####..........#
..............#
###..@{.....#
#....{..<...#
#........$..#
##...........#
#...†.†......#
#.#.†<.......#
#...........##
#..............
...............


There were no monsters in sight!

Vanquished Creatures
  2 adders (D:2)
  A dart slug (D:1)
  An orc (D:2)
  9 ball pythons
  6 bats
  3 endoplasms
  A giant cockroach (D:1)
  2 goblins (D:2)
  3 hobgoblins (D:2)
  8 jackals
  A kobold (D:1)
  2 quokkas
  2 frilled lizards
  3 rats
44 creatures vanquished.

Notes
Turn   | Place    | Note
-------+----------+-------------------------------------------
     0 | D:1      | seaoflcl the Demonspawn Fighter began the quest for the
                  | Orb.
     0 | D:1      | Reached XP level 1. HP: 18/18 MP: 1/1
   122 | D:1      | Gained mutation: You have an unusually large brain. (Int
                  | +2) [demonic ancestry]
   122 | D:1      | Reached XP level 2. HP: 24/24 MP: 2/2
   964 | D:2      | Gained mutation: You have an extremely huge brain. (Int +4)
                  | [demonic ancestry]
   964 | D:2      | Reached XP level 3. HP: 19/29 MP: 3/3
  1036 | D:2      | Found Ywugocw's Distillery.
  1751 | D:2      | Found a sparkling altar of Nemelex Xobeh.
  2056 | D:3      | Gained mutation: You have a small tail. [demonic ancestry]
  2056 | D:3      | Reached XP level 4. HP: 17/35 MP: 4/4
  2061 | D:3      | HP: 1/35 [something (1)]
  2072 | D:3      | Killed from afar by an orc wizard

Illustrated notes

Levels and vault maps discovered:
D:1:      shiori_arrival_elements, layout_basic, hangedman_decor_push,
          nicolae_concentric_dashed_squares_wild, minivault_19
D:2:      layout_basic, serial_co_window_serial, co_window_paths_b,
          co_window_paths_a, co_window_of_opportunity_a, co_window_paths_a,
          co_window_paths_a, co_window_corner_cb, co_window_cross_3,
          co_window_broadway_c, co_window_cross_2, co_window_of_opportunity_c,
          co_window_broadway_b, co_window_paths_c, co_window_4corner_b,
          glass_columns_a, serial_shops, shop_statue, basic_altar, st_stairs_2,
          minmay_octomino_j4
D:3:      layout_rooms, yredelemnul_altar_generic,
          nicolae_overflow_quartered_altars

Skill      XL: |  1  2  3 |
---------------+----------+-----
Axes           | 2 |  2.8
Armour         | 3 |  3.0
Shields        | 3 |  3.0
Fighting       | |  3.3
Throwing       | |  0.8

Action                     |  1- 3 |  4- 6 || total
---------------------------+-------+-------++-------
  Melee: War axe           |   119 |     7 ||   126
    Use: Potion            |       |     4 ||     4
 Armour: Scale mail        |    88 |    17 ||   105
  Dodge: Dodged            |    75 |     6 ||    81
  Block: Buckler           |    41 |     1 ||    42
